 Seeded DCSS version 0.27-a0-1334-g2746e35aca (webtiles) character file.

Game seed: 4057071836701106858 (custom seed)

119 sanka the Magician (level 5, -1/35 HPs)
             Began as a Djinni Summoner on June 26, 2021.
             Killed from afar by a white imp (3 damage)
             ... with a puff of frost
             ... summoned by Natasha
             ... on level 2 of the Dungeon.
             The game lasted 00:06:05 (2961 turns).

sanka the Magician (Djinni Summoner)                Turns: 2961, Time: 00:06:06

Health: -1/35      AC:  2    Str:  7    XL:     5   Next: 24%
Gold:   62         EV: 12    Int: 18    God:
                   SH:  0    Dex: 13

rFire    + + .     SeeInvis .   d - +0 short sword
rCold    x . .     Faith    .   (no shield)
rNeg     . . .     Spirit   .   a - +0 robe
rPois    ∞         Reflect  .   (no helmet)
rElec    .         Harm     .   (no cloak)
rCorr    .         Rampage  .   (no gloves)
Will     .....                  (boots unavailable)
Stlth    ++........             (no amulet)
HPRegen  0.11/turn              (no ring)
MPRegen  0.00/turn              (no ring)

@: flying, very slightly contaminated
A: sickness immunity, fire resistance 2, cold vulnerability 1, float, innate
caster, hp casting, extra vitality 1
a: no special abilities


You were on level 2 of the Dungeon.
You visited 1 branch of the dungeon, and saw 2 of its levels.

You collected 62 gold pieces.


Innate Abilities, Weirdness & Mutations

You are immune to sickness and miasma.
You are immune to poison.
Your flesh is very heat resistant. (rF++)
You are vulnerable to cold. (rC-)
You float through the air rather than walking.
You learn spells naturally, not from books.
Your magical power is your life essence.
You have superior vitality. (+4 HP)


   Skills:
 - Level 2.1 Dodging
 - Level 1.5 Stealth
 + Level 4.8 Spellcasting


You couldn't memorise any spells.
You knew the following spells:

 Your Spells              Type           Power      Damage    Failure   Level
c - Call Canine Familiar  Summ           22%        N/A       5%          3
u - Wereblood             Tmut           22%        N/A       2%          2
v - Summon Ice Beast      Ice/Summ       22%        N/A       19%         4
x - Call Imp              Summ           22%        N/A       2%          2
y - Summon Small Mammal   Summ           88%        N/A       1%          1
z - Shock                 Conj/Air       88%        1d8       1%          1
X - Summon Lightning Spi  Summ/Air       22%        N/A       19%         4
Z - Summon Guardian Gole  Hex/Summ       22%        N/A       5%          3
Your spell library was empty.

Inventory:

Hand Weapons
 b - a +0 dagger
 d - a +0 short sword (weapon)
Armour
 a - a +0 robe (worn)
Scrolls
 e - 2 scrolls of teleportation {unknown}
 g - a scroll of enchant weapon {unknown}
 h - 3 scrolls of fog {unknown}
 i - a scroll of immolation {unknown}
Potions
 c - a potion of flight {unknown}
 f - a potion of ambrosia {unknown}
 j - a potion of mutation {unknown}
 k - a potion of curing {unknown}

Dungeon Overview and Level Annotations

Branches:
Dungeon (2/15)

Altars:

Annotations:
D:2 Natasha

....)..>▒ ▒▒▒▒▒
▒▒▒▒▒▒▒.▒ ▒g▒
▒▒.▒▒▒▒▒▒▒▒▒
▒▒...........
▒▒▒.▒▒▒5▒▒▒▒▒▒▒ ▒...▒
▒...▒ ▒.▒h▒▒▒.▒.▒
▒.▒▒..R▒▒.▒▒▒▒▒.▒ ▒
▒............▒
▒..▒▒▒.▒▒▒▒▒.▒▒▒▒▒▒▒
▒▒..▒▒▒.▒▒▒▒▒.▒.5....
................▒▒▒▒▒
▒▒.▒▒†........▒ ▒▒
▒.▒▒.▒.▒▒▒▒▒.▒▒▒▒▒▒.
▒.▒▒.▒.▒▒▒▒▒.▒......
▒.▒▒....†.......▒.▒▒▒▒▒


You could see Natasha and a white imp (summoned).


Message History

Aiming: Shock (safe; 1% risk of failure)
You miscast Shock.
Nothing appears to happen.
Natasha mumbles some strange words.
Aiming: Shock (safe; 1% risk of failure) Natasha casts a spell at you.
The magic dart hits you!
* * * LOW HITPOINT WARNING * * *
You don't know that spell.
Natasha howls an incantation.
Natasha's front paws start to glow.
Natasha casts a spell at you. You resist with some effort.
Aiming: Shock (safe; 1% risk of failure)
The zap hits Natasha.
Natasha is heavily wounded.
The zap hits Natasha.
Natasha is severely wounded.
* * * LOW HITPOINT WARNING * * *
Natasha mumbles some strange words.
Natasha's front paws start to glow.
Natasha stares at you and mumbles some strange words.
The magic dart hits you!
* * * LOW HITPOINT WARNING * * *
You don't have enough health to cast this spell.
Natasha casts a spell.
The white imp gestures at you. The puff of frost hits you.
You feel a terrible chill!
You die...

Action                   |  1- 3 |  4- 6 || total
-------------------------+-------+-------++-------
Melee: Dagger            |    18 |       ||    18
       Unarmed           |     2 |       ||     2
       Short sword       |    28 |       ||    28
 Cast: Summon Small Mamm |    39 |       ||    39
       Call Imp          |     8 |     3 ||    11
       Shock             |    12 |    34 ||    46
Armor: Robe              |     4 |       ||     4
Dodge: Dodged            |    43 |       ||    43

Levels and vault maps discovered:
D:1:      saegor_arrival_simple_c, layout_rooms,
          shapermc_ecumenical_altar_mp_urbaneastern
D:2:      layout_loops_ring, uniq_natasha, uniq_robin

Notes
Turn   | Place    | Note
-------+----------+-------------------------------------------
     0 | D:1      | sanka the Djinni Summoner began the quest for the Orb.
     0 | D:1      | Reached XP level 1. HP: 15/15 MP: 0/0
   335 | D:1      | Reached XP level 2. HP: 5/21 MP: 0/0
  1281 | D:1      | Found a faded altar of an unknown god.
  1652 | D:2      | Noticed Robin
  1745 | D:2      | Reached XP level 3. HP: 8/25 MP: 0/0
  1745 | D:2      | Learned a level 1 spell: Shock
  1895 | D:2      | Reached skill level 4 in Spellcasting
  2275 | D:2      | Reached XP level 4. HP: 20/31 MP: 0/0
  2494 | D:2      | Noticed Natasha
  2513 | D:2      | Killed Natasha
  2700 | D:2      | Reached XP level 5. HP: 33/35 MP: 0/0
  2700 | D:2      | Learned a level 2 spell: Wereblood
  2852 | D:2      | Killed Robin
  2944 | D:2      | Noticed Natasha
  2958 | D:2      | HP: 1/35 [Natasha/magic dart (12)]
  2961 | D:2      | Killed from afar by a white imp

Vanquished Creatures
  Natasha (D:2)
  2 adders (D:2)
  3 bats
  2 endoplasms (D:2)
  4 giant cockroaches (D:2)
  4 goblins (D:2)
  5 hobgoblins
  2 ball pythons (D:1)
  2 kobolds
  A rat (D:2)
26 creatures vanquished.

Vanquished Creatures (collateral kills)
  An iguana (D:2)
  Robin (D:2)
  An adder (D:2)
  A dart slug (D:1)
  An endoplasm (D:1)
  6 goblins
  3 hobgoblins (D:1)
  3 jackals (D:1)
  4 kobolds
  A quokka (D:1)
  3 frilled lizards (D:1)
25 creatures vanquished.

Vanquished Creatures (others)
  6 fungi (D:1)
  4 plants (D:1)
10 creatures vanquished.

Grand Total: 61 creatures vanquished
